 Dungeon Crawl Stone Soup version 0.22-a0-409-gb855193 (webtiles) character file.

27 theanonym the Caller (level 2, 0/19 HPs)
             Began as a Mummy Summoner on May 10, 2018.
             Slain by a quokka (2 damage)
             ... on level 2 of the Dungeon.
             The game lasted 00:02:39 (1788 turns).

theanonym the Caller (Mummy Summoner)               Turns: 1788, Time: 00:02:40

Health: 0/19       AC:  3    Str: 11    XL:     2   Next: 93%
Magic:  2/6        EV: 11    Int: 14    God:
Gold:   81         SH:  0    Dex: 12    Spells: 5/8 levels left

rFire    x . .     SeeInvis .   i - +0 short sword (drain)
rCold    + . .     Gourm    .   (no shield)
rNeg     + + +     Faith    .   g - +0 leather armour
rPois    ∞         Spirit   .   (no helmet)
rElec    .         Reflect  .   (no cloak)
rCorr    .         Harm     .   (no gloves)
MR       .....                  (no boots)
Stlth    +.........             (no amulet)
HPRegen  0.06/turn              d - ring of flight
MPRegen  0.10/turn              (no ring)

@: no status effects
A: no food or potions, fire vulnerability, cold resistance 1, negative energy
resistance 3, torment resistance, unbreathing
a: Evoke Flight


Innate Abilities, Weirdness & Mutations

You do not eat or drink.
Your flesh is vulnerable to fire.
You are immune to poison.
Your flesh is cold resistant. (rC+)
You are immune to negative energy. (rN+++)
You are immune to unholy pain and torment.
You can survive without breathing.


   Skills:
 - Level 1.5 Dodging
 - Level 1.5 Stealth
 + Level 3.6 Spellcasting
 + Level 3.7 Summonings


You had 5 spell levels left.
You knew the following spells:

 Your Spells              Type           Power        Failure   Level  Hunger
a - Summon Small Mammal   Summ           ##..         6%          1    N/A
b - Call Imp              Summ           ##......     9%          2    N/A

Skill      XL: |  1 |
---------------+----+-----
Spellcasting   | 3 |  3.6
Dodging        | |  1.5
Stealth        | |  1.5
Summonings     | |  3.7

Action                   || total
-------------------------++-------
Melee: Dagger            ||    70
       Short sword       ||    20
 Cast: Summon Small Mamm ||     6
       Call Imp          ||    11
 Stab: Sleeping          ||     4
Armor: Robe              ||    12
       Leather armour    ||     6
Dodge: Dodged            ||    53

Inventory:

Hand Weapons
 b - a +0 dagger
   (You found it on level 1 of the Dungeon)
 i - a +0 short sword of draining (weapon)
   (You took it off a kobold on level 2 of the Dungeon)
Armour
 a - a +0 robe
 g - a +0 leather armour (worn)
   (You found it on level 1 of the Dungeon)
Jewellery
 d - a ring of flight (left hand)
   (You found it on level 1 of the Dungeon)
 f - a +3 ring of slaying {unknown}
   (You found it on level 1 of the Dungeon)
Scrolls
 c - a scroll of blinking {unknown}
 e - 2 scrolls of identify {unknown}
 h - a scroll of noise {unknown}
 j - a scroll of remove curse {unknown}


You were on level 2 of the Dungeon.
You were not hungry.

You visited 1 branch of the dungeon, and saw 2 of its levels.

You collected 81 gold pieces.

Dungeon Overview and Level Annotations

Branches:
Dungeon (2/15)

Altars:

#### ## #.. .# #.#
.# #####.### .#
#5@r5...# .#
#.###.#.# .#######
#.# #(# ......>#
#.###(# ######.#
#.##(.#.# #.#
####((.....# #.#
##..(###.####
######.####.(#...#.#
#........##..#.#...#


You could see a quokka and 2 friendly white imps.

Notes
Turn   | Place    | Note
-------+----------+-------------------------------------------
     0 | D:1      | theanonym the Mummy Summoner began the quest for the Orb.
     0 | D:1      | Reached XP level 1. HP: 13/13 MP: 4/4
   182 | D:1      | HP: 6/13 [kobold/stone (3)]
   420 | D:1      | Reached skill level 3 in Spellcasting
   632 | D:1      | Reached XP level 2. HP: 19/19 MP: 6/6
   636 | D:1      | Learned a level 2 spell: Call Imp
  1784 | D:2      | HP: 6/19 [quokka (5)]
  1787 | D:2      | HP: 2/19 [quokka (4)]
  1788 | D:2      | Slain by a quokka

Vanquished Creatures
  A leopard gecko (D:2)
  2 bats (D:1)
  3 hobgoblins
  A frilled lizard (D:1)
  8 kobolds
  3 rats (D:1)
18 creatures vanquished.

Vanquished Creatures (collateral kills)
  A worm (D:2)
  A giant cockroach (D:1)
  A hobgoblin (D:2)
  3 kobolds (D:1)
  A rat (D:1)
7 creatures vanquished.

Grand Total: 25 creatures vanquished

Table legend:
 A = Turns spent in this place as a percentage of turns spent in the entire game.
 B = Non-inter-level travel turns spent in this place as a percentage of non-inter-level travel turns spent in the entire game.
 C = Inter-level travel turns spent in this place as a percentage of turns spent in this place.
 D = Turns resting spent in this place as a percentage of non-inter-level travel turns spent in this place.
 E = Turns spent auto-exploring this place as a percentage of non-inter-level travel turns spent in this place.
 F = Non-inter-level travel turns spent in this place divided by the number of levels of this place that you've seen.
                   A       B       C       D       E      F
               +-------+-------+-------+-------+-------+----------------------
         Total | 100.0 | 100.0 |   3.4 |  44.8 |  38.7 | 864.0
       Dungeon | 100.0 | 100.0 |   3.4 |  44.8 |  38.7 | 864.0
               +-------+-------+-------+-------+-------+----------------------
